AoeStats
← FK I'm Dead

Arena

509881635Analyzed
1v1 RM · 4d ago on Sep 28, 2026· 70m 23s· 2 players
Game mode
Random Map
Map size
Tiny (2 player)
Population
200
Speed
Normal
Resources
Standard
Victory
Conquest
Starting age
Dark Age
Ending age
Imperial Age
RankedLock teamsTeams togetherTeam positionsShared explorationLock speedFull tech treeHidden civsTurbo modeCheats
Victory
Defeat
🇨🇦 Jurchens · Canada
704
+37
🇹🇷 Bohemians · Türkiye
703
-37
ifee
10:58 Feudal Age
11:40 Horse Collar
12:52 Double-Bit Axe
15:50 Wheelbarrow
19:07 Castle Age
20:18 Bow Saw
20:10 Heavy Plow
24:13 Hand Cart
28:49 Chemistry
28:11 Ballistics
29:44 Sanctity
29:56 Fervor
29:46 Atonement
32:42 Imperial Age
30:45 Masonry
32:15 Fortified Wall
31:57 Guard Tower
32:38 Wagenburg Tactics
34:49 Town Watch
35:44 Illumination
35:39 Block Printing
36:03 Theocracy
36:28 Scale Barding Armor
36:38 Forging
39:59 Chain Barding Armor
39:05 Houfnice
41:44 Two-Man Saw
42:05 Town Patrol
42:55 Elite Hussite Wagon
47:59 Hussite Reforms
51:01 Iron Casting
54:53 Blast Furnace
53:58 Padded Archer Armor
62:34 Pikeman
63:38 Halberdier
65:07 Scale Mail Armor
FK I'm Dead
3:26 Loom
11:38 Feudal Age
12:14 Double-Bit Axe
12:10 Horse Collar
14:39 Wheelbarrow
18:32 Castle Age
17:25 Fletching
19:05 Scale Barding Armor
19:36 Bow Saw
19:53 Bloodlines
21:05 Heavy Plow
23:14 Hand Cart
23:49 Gold Mining
24:10 Husbandry
25:10 Town Watch
24:56 Light Cavalry
29:01 Fervor
29:12 Sanctity
28:53 Devotion
28:59 Bodkin Arrow
29:25 Chain Barding Armor
29:17 Forging
29:35 Squires
30:10 Crossbowman
30:11 Elite Skirmisher
31:55 Fortified Bastions
33:23 Iron Casting
35:18 Gold Shaft Mining
39:15 Imperial Age
36:17 Elite Skirmisher
36:30 Man-at-Arms
37:17 Padded Archer Armor
37:16 Murder Holes
37:55 Ballistics
40:47 Plate Barding Armor
40:37 Guilds
41:41 Conscription
41:14 Arrowslits
41:22 Guard Tower
42:16 Town Patrol
43:05 Crop Rotation
43:15 Elite Steppe Lancer
45:20 Chemistry
44:03 Treadmill Crane
45:50 Herbal Medicine
46:30 Theocracy
48:14 Capped Ram
50:42 Two-Man Saw
50:24 Elite Iron Pagoda
51:47 Hoardings
52:24 Illumination
52:15 Block Printing
52:19 Hussar
Connection lost

Rejoining the realm…

Still unreachable

The connection could not be restored.

Session expired

The server has moved on; the page needs a fresh start.